 Dungeon Crawl Stone Soup version 0.23.0-3-gf3c87f2df8 (webtiles) character file.

Game seed: 5926253321032727810

93 Acheron the Chopper (level 4, -1/39 HPs)
             Began as a Human Berserker on Feb 24, 2019.
             Was a Believer of Trog.
             Succumbed to a worker ant's poison
             ... on level 4 of the Dungeon.
             The game lasted 00:09:23 (2397 turns).

Acheron the Chopper (Human Berserker)               Turns: 2397, Time: 00:09:24

Health: -1/39      AC:  6    Str: 17    XL:     4   Next: 91%
Magic:  4/4        EV: 11    Int:  8    God:    Trog [**....]
Gold:   106        SH:  0    Dex: 13    Spells: 3/3 levels left

rFire    . . .     SeeInvis .   a - +0 hand axe
rCold    . . .     Gourm    .   (no shield)
rNeg     . . .     Faith    .   q - +0 ring mail
rPois    .         Spirit   .   (no helmet)
rElec    .         Reflect  .   (no cloak)
rCorr    .         Harm     .   (no gloves)
MR       .....                  g - +0 pair of boots
Stlth    +.........             (no amulet)
HPRegen  0.13/turn              (no ring)
MPRegen  0.09/turn              (no ring)

@: lethally poisoned (-1 -> -16)
A: hooves 2, robust 1
a: Berserk, Trog's Hand, Renounce Religion


You were on level 4 of the Dungeon.
You worshipped Trog.
Trog was pleased with you.
You were not hungry.

You visited 1 branch of the dungeon, and saw 4 of its levels.

You collected 106 gold pieces.

Inventory:

Hand Weapons
 a - a +0 hand axe (weapon)
 i - a +0 mace of protection
 o - a +2 dagger of venom
Missiles
 e - 77 stones (quivered)
 j - 26 sling bullets
 l - 28 poisoned needles
Armour
 g - a +0 pair of boots (worn)
 n - a +0 chain mail
 q - a +0 ring mail (worn)
Jewellery
 d - an uncursed amulet of magic regeneration
 k - a +4 ring of intelligence {unknown}
Scrolls
 b - 3 scrolls of identify
 f - a scroll of remove curse
 m - a scroll of fear {unknown}
 r - a scroll of noise {unknown}
Comestibles
 c - 7 rations
 p - a chunk of flesh


   Skills:
 + Level 3.6 Fighting
 + Level 4.3 Axes
 + Level 2.2 Armour
 + Level 2.4 Dodging
 + Level 0.2 Stealth


You had 3 spell levels left.
You didn't know any spells.
Your spell library was empty.

Dungeon Overview and Level Annotations

Branches:
Dungeon (4/15)             Temple (0/1) D:4

Altars:

Annotations:
D:2 Sigmund


Innate Abilities, Weirdness & Mutations

You have hoof-like feet.
You are robust. (+10% HP)


Message History

You feel sick. The worker ant completely misses you.
You hit the worker ant.
The worker ant is severely wounded.
You feel sick.
The worker ant bites you but does no damage.
Your ring mail prevents you from hitting the worker ant.
The worker ant is severely wounded.
You feel sick. The worker ant bites you.
* * * LOW HITPOINT WARNING * * *
The worker ant bites you.
* * * LOW HITPOINT WARNING * * *
You hit the worker ant.
The worker ant is severely wounded.
The worker ant bites you.
* * * LOW HITPOINT WARNING * * *
You are more poisoned.
The worker ant poisons you!
It was a potion of mutation.
You feel extremely strange.
Your feet thicken and deform.
You feel robust.
Your feet thicken and deform.
You die...

.#.. #.# ##.
..## #.. #..
...##.. #.#
#.....
#.###.>..
#.##....#
##..##...#
##.##.##a.#
#.####.@#.##
#.# ##....#
#.##
###....#
##.##
##.#####
##.###..#
##...#<#
#####.# #.#
#.#


You could see a worker ant.

Vanquished Creatures
  4 adders
  2 oozes
  3 worms
  3 leopard geckos
  2 giant cockroaches (D:1)
  2 goblins
  7 hobgoblins
  5 kobolds
  A quokka (D:2)
  2 bats (D:1)
  4 frilled lizards
  3 rats
38 creatures vanquished.

Notes
Turn   | Place    | Note
-------+----------+-------------------------------------------
     0 | D:1      | Acheron the Human Berserker began the quest for the Orb.
     0 | D:1      | Reached XP level 1. HP: 18/18 MP: 1/1
   267 | D:1      | Reached XP level 2. HP: 24/24 MP: 2/2
   615 | D:1      | Reached XP level 3. HP: 29/29 MP: 3/3
  1233 | D:2      | Reached skill level 4 in Axes
  1233 | D:2      | Reached XP level 4. HP: 27/35 MP: 4/4
  1532 | D:2      | Reached ** piety under Trog
  1772 | D:2      | Noticed Sigmund
  2378 | D:4      | Found a staircase to the Ecumenical Temple.
  2396 | D:4      | HP: 1/36 [worker ant (3)]
  2397 | D:4      | Gained mutation: You have large cloven feet. [potion of
                  | mutation]
  2397 | D:4      | Gained mutation: You are robust. (+10% HP) [potion of
                  | mutation]
  2397 | D:4      | Gained mutation: You have hoof-like feet. [potion of
                  | mutation]
  2397 | D:4      | Succumbed to a worker ant's poison

Skill      XL: |  1  2  3 |
---------------+----------+-----
Axes           | 4 |  4.3
Fighting       | |  3.6
Armour         | |  2.2
Dodging        | |  2.4
Stealth        | |  0.2

Action                   |  1- 3 |  4- 6 || total
-------------------------+-------+-------++-------
Melee: Hand axe          |    90 |    72 ||   162
  Use: Scroll            |     4 |       ||     4
       Potion            |       |     2 ||     2
  Eat: Chunk             |     1 |     4 ||     5
Armor: Animal skin       |    18 |       ||    18
       Chain mail        |    12 |    14 ||    26
       Ring mail         |       |    17 ||    17
Dodge: Dodged            |    53 |    24 ||    77
